 Dungeon Crawl Stone Soup version 0.24-a0-762-gca426f56c8 (webtiles) character file.

Game seed: 11356465029049995678, levelgen mode: deterministic

9872 Froggeryz the Bludgeoner (level 11, -9/64 HPs)
             Began as a Gargoyle Fighter on Oct 3, 2019.
             Was a High Priest of Okawaru.
             Mangled by a swamp worm (13 damage)
             ... on level 2 of the Lair of Beasts.
             The game lasted 00:17:43 (9038 turns).

Froggeryz the Bludgeoner (Gargoyle Fighter)         Turns: 9038, Time: 00:17:43

Health: -9/64      AC: 18    Str: 20    XL:     11   Next: 53%
Magic:  0/11       EV: 11    Int: 10    God:    Okawaru [*****.]
Gold:   350        SH: 12    Dex: 11    Spells: 10/10 levels left

rFire    + . .     SeeInvis .   a - +1 flail
rCold    . . .     Gourm    +   c - +1 shield
rNeg     + . .     Faith    .   b - +0 scale mail
rPois    ∞         Spirit   +   t - +2 hat
rElec    +         Reflect  .   v - scarf {Spirit}
rCorr    .         Harm     .   C - +0 pair of gloves
MR       .....                  (no boots)
Stlth    ..........             A - amulet of the gourmand
HPRegen  0.20/turn              n - ring of protection from fire
MPRegen  0.12/turn              o - +3 ring of evasion

@: studying Slings
A: big wings, negative energy resistance 1, electricity resistance, wild magic
1, unbreathing, petrification resistance, rot immunity, AC +8
a: Fly, Heroism, Finesse, Renounce Religion


You were on level 2 of the Lair of Beasts.
You worshipped Okawaru.
Okawaru was extremely pleased with you.
You were not hungry.

You visited 3 branches of the dungeon, and saw 12 of its levels.

You collected 543 gold pieces.
You spent 193 gold pieces at shops.

Inventory:

Hand Weapons
 a - a +1 flail (weapon)
 q - a +0 mace of protection
 y - the +1 whip "Feheqeni" {speed, rC+}
   (You found it on level 4 of the Dungeon)

   Attacks with this weapon are significantly faster.
   It protects you from cold.
Missiles
 d - 8 javelins (quivered)
Armour
 b - a +0 scale mail (worn)
 c - a +1 shield (worn)
 m - a +0 helmet
 t - a +2 hat (worn)
 v - a scarf of spirit shield (worn)
 C - a +0 pair of gloves (worn)
Jewellery
 n - a ring of protection from fire (left hand)
 o - a +3 ring of evasion (right hand)
 A - an amulet of the gourmand (around neck)
 J - an uncursed ring of wizardry
Wands
 w - a wand of digging (5)
 E - a wand of enslavement (3)
 G - a wand of clouds (3)
 I - a wand of iceblast (7)
Scrolls
 e - 10 scrolls of identify
 g - 5 scrolls of teleportation
 i - 6 scrolls of magic mapping
 j - 2 scrolls of remove curse
 p - 3 scrolls of amnesia
 D - 2 scrolls of blinking
Potions
 h - 3 potions of invisibility
 k - 3 potions of lignification
 l - a potion of brilliance
 r - a potion of might
 s - 2 potions of haste
 x - 2 potions of heal wounds
 z - 4 potions of curing
 F - 2 potions of agility
 K - a potion of resistance
Books
 H - a manual of Slings
Comestibles
 f - 27 rations


   Skills:
 - Level 6.0 Fighting
 * Level 15.0 Maces & Flails
 - Level 3.2 Armour
 + Level 8.4 Shields


You had 10 spell levels left.
You didn't know any spells.
Your spell library contained the following spells:

 Spells                   Type           Power        Failure   Level  Hunger
 Corona                   Hex            #......      96%         1    ##.....
 Flame Tongue             Conj/Fire      #....        96%         1    ##.....
 Shock                    Conj/Air       #...         96%         1    ##.....
 Summon Small Mammal      Summ           #...         96%         1    ##.....
 Blink                    Tloc           N/A          99%         2    ###....
 Call Imp                 Summ           #.......     99%         2    ###....
 Ensorcelled Hibernation  Hex/Ice        #.....       99%         2    ###....
 Shroud of Golubria       Chrm/Tloc      #.....       99%         2    ###....
 Swiftness                Chrm/Air       #.......     99%         2    ###....
 Throw Flame              Conj/Fire      #.....       99%         2    ###....
 Call Canine Familiar     Summ           #.......     100%        3    ####...
 Confuse                  Hex            #.......     100%        3    ####...
 Conjure Flame            Conj/Fire      #.......     100%        3    ####...
 Dazzling Spray           Conj/Hex       #.....       100%        3    ####...
 Gell's Gravitas          Tloc           #.........   100%        3    ####...
 Inner Flame              Hex/Fire       #.......     100%        3    ####...
 Lesser Beckoning         Tloc           #.........   100%        3    ####...
 Static Discharge         Conj/Air       #.......     100%        3    ####...
 Summon Guardian Golem    Hex/Summ       #.......     100%        3    ####...
 Teleport Other           Tloc           #.......     100%        3    ####...
 Tukima's Dance           Hex            #.......     100%        3    ####...
 Airstrike                Air            #.........   100%        4    #####..
 Passage of Golubria      Tloc           N/A          100%        4    #####..
 Sticky Flame             Conj/Fire      #.......     100%        4    #####..
 Summon Ice Beast         Ice/Summ       #.......     100%        4    #####..
 Summon Lightning Spire   Summ/Air       #.......     100%        4    #####..
 Fireball                 Conj/Fire      #.........   100%        5    ######.
 Lightning Bolt           Conj/Air       #.........   100%        5    ######.


Dungeon Overview and Level Annotations

Branches:
Dungeon (9/15)             Temple (1/1) D:7            Lair (2/6) D:8
  Swamp: Lair:2-4    Shoals: Lair:2-4     Snake: Lair:2-4    Spider: Lair:2-4
    Orc: D:9-12

Altars:
Ashenzari
Dithmenos
Elyvilon
Fedhas
Gozag
Hepliaklqana
Kikubaaqudgha
Makhleb
Okawaru
Ru
Sif Muna
Trog
Vehumet
Xom

Shops:
D:4 [   D:5 ?   D:8 *   D:9 !


Innate Abilities, Weirdness & Mutations

You are resistant to torment.
Your stone body is resilient. (AC +8)
You are immune to poison.
You resist negative energy. (rN+)
You are resistant to electric shocks. (rElec)
You can survive without breathing.
You are immune to petrification.
You are immune to rotting.
Your large and strong wings let you fly indefinitely.
Your spells are a little harder to cast, but a little more powerful.


Message History

The swamp worm is lightly wounded.
The swamp worm bites you!
* * * LOW HITPOINT WARNING * * *
You hit the swamp worm but do no damage.
The swamp worm is lightly wounded.
The swamp worm barely misses you.
You hit the swamp worm.
The swamp worm is lightly wounded.
The swamp worm bites you but does no damage.
You sock the swamp worm!
The swamp worm is heavily wounded.
You block the swamp worm's attack.
You closely miss the swamp worm.
The swamp worm is heavily wounded.
The swamp worm bites you!
* * * LOW HITPOINT WARNING * * *
You hit the swamp worm.
The swamp worm is severely wounded.
The swamp worm bites you!
You die...

##### ##.#.# #####....### ###
#..........# ##.####### #
...........### #.|#.#.P.## #####
##.........'Y####.........###P#.P
#..>.......P...#@.........+......
#P.........##..w+.........†.#....
#..........P###.#..........##....
##.........## ###.........####...
#..........# #..........# ##.#
#.........## ##P'#.####.# #.#
#P.#.P...## ##...# ## ###
#......P###### ##.## #.
#....#.P..Y...♣ ♣♣♣ ##


You could see a swamp worm.

Vanquished Creatures
  Erolcha (D:9)
  A hydra (D:8)
  2 two-headed ogres (D:9)
  An ugly thing (D:9)
  A black mamba (Lair:1)
  2 spiny frogs
  Joseph (D:7)
  A komodo dragon (Lair:2)
  A troll (D:8)
  2 hippogriffs
  Grinder (D:3)
  Sigmund (D:3)
  3 yaks (Lair:2)
  A basilisk (Lair:1)
  4 hogs (D:8)
  A human (D:8)
  A water moccasin (D:6)
  A porcupine (Lair:1)
  2 orc warriors
  A necrophage (D:5)
  A black bear (D:8)
  A sky beast (D:9)
  5 wolves (Lair:1)
  3 ogres
  4 centaurs
  4 bullfrogs
  A wyvern skeleton (D:9)
  2 scorpions
  3 crimson imps
  A quasit (D:7)
  A bullfrog zombie (D:8)
  A hound (D:6)
  5 orc wizards
  2 bullfrog skeletons (D:9)
  2 centaur zombies (D:9)
  3 orc priests
  3 iguanas
  Natasha (thrice) (D:2)
  7 worker ants
  Ijyb (D:3)
  2 hound zombies (D:8)
  3 worker ant zombies
  A howler monkey skeleton (D:4)
  4 gnolls (D:5)
  12 adders
  An adder skeleton (D:4)
  6 worms
  5 dart slugs
  9 leopard geckos
  18 orcs
  6 giant cockroaches
  8 goblins
  6 hobgoblins
  3 jackals (D:3)
  3 quokkas
  8 bats
  4 frilled lizards
  2 jackal skeletons (D:5)
  7 kobolds
  8 rats
198 creatures vanquished.

Vanquished Creatures (others)
  A fungus (Lair:1)
  A plant (Lair:2)
2 creatures vanquished.

Grand Total: 200 creatures vanquished

Notes
Turn   | Place    | Note
-------+----------+-------------------------------------------
     0 | D:1      | Froggeryz the Gargoyle Fighter began the quest for the Orb.
     0 | D:1      | Reached XP level 1. HP: 14/14 MP: 1/1
   226 | D:1      | Reached XP level 2. HP: 19/19 MP: 2/2
   749 | D:2      | Reached skill level 3 in Maces & Flails
   749 | D:2      | Reached XP level 3. HP: 18/24 MP: 3/3
   765 | D:2      | Noticed Natasha
   776 | D:2      | Killed Natasha
   800 | D:2      | Noticed Natasha
   809 | D:2      | Killed Natasha
   809 | D:2      | Reached XP level 4. HP: 16/29 MP: 4/4
   950 | D:2      | Noticed an ogre
   973 | D:2      | Killed an ogre
   973 | D:2      | Reached skill level 4 in Maces & Flails
   973 | D:2      | Reached XP level 5. HP: 22/34 MP: 5/5
  1085 | D:2      | Noticed Natasha
  1098 | D:2      | Killed Natasha
  1598 | D:3      | Reached skill level 5 in Maces & Flails
  1726 | D:3      | Noticed Grinder
  1766 | D:3      | Paralysed by Grinder for 2 turns
  1771 | D:3      | Paralysed by Grinder for 7 turns
  1786 | D:3      | Killed Grinder
  1786 | D:3      | Reached skill level 5 in Fighting
  1786 | D:3      | Reached XP level 6. HP: 37/40 MP: 6/6
  1848 | D:3      | Noticed Sigmund
  1917 | D:3      | Killed Sigmund
  1917 | D:3      | Reached skill level 6 in Maces & Flails
  1917 | D:3      | Reached XP level 7. HP: 23/45 MP: 7/7
  2186 | D:3      | Noticed Ijyb
  2199 | D:3      | Killed Ijyb
  2725 | D:4      | Found Jomawn's Armour Boutique.
  2730 | D:4      | Reached skill level 7 in Maces & Flails
  2959 | D:4      | Found an opulent altar of Gozag.
  3047 | D:4      | Got a steaming whip
  3048 | D:4      | Identified the +1 whip "Feheqeni" {speed, rC+} (You found
                  | it on level 4 of the Dungeon)
  3443 | D:5      | Entered Level 5 of the Dungeon
  3486 | D:5      | Reached XP level 8. HP: 48/51 MP: 8/8
  3561 | D:5      | Reached skill level 8 in Maces & Flails
  3740 | D:5      | Reached skill level 9 in Maces & Flails
  3819 | D:5      | You fall into a shaft and drop 1 floor!
  4273 | D:5      | Found Baveug's Magic Scroll Shoppe.
  4279 | D:5      | Bought a scroll of blinking for 105 gold pieces
  4632 | D:6      | Reached skill level 10 in Maces & Flails
  4736 | D:5      | Reached XP level 9. HP: 10/55 MP: 4/9
  5194 | D:7      | Noticed Joseph
  5277 | D:7      | Killed Joseph
  5277 | D:7      | Reached skill level 11 in Maces & Flails
  5656 | D:7      | Found a staircase to the Ecumenical Temple.
  5727 | Temple   | Entered the Ecumenical Temple
  5732 | Temple   | Became a worshipper of Warmaster Okawaru
  6318 | D:8      | Found a staircase to the Lair.
  6364 | D:8      | Found a bloodstained altar of Trog.
  6369 | D:8      | Noticed a troll
  6416 | D:8      | Killed a troll
  6416 | D:8      | Reached skill level 12 in Maces & Flails
  6600 | D:8      | Found Aruojubboa's Mass Market.
  6616 | D:8      | Noticed a five-headed hydra
  6629 | D:8      | Killed a five-headed hydra
  6629 | D:8      | Reached * piety under Okawaru
  6629 | D:8      | Reached XP level 10. HP: 25/60 MP: 5/10
  7059 | D:8      | Reached skill level 5 in Shields
  7083 | D:8      | Reached skill level 13 in Maces & Flails
  7300 | D:9      | Reached ** piety under Okawaru
  7323 | D:9      | Found Sugem's Distillery.
  7381 | D:9      | Bought a potion of mutation for 88 gold pieces
  7381 | D:9      | Gained mutation: Your spells are a little harder to cast,
                  | but a little more powerful. [potion of mutation]
  7381 | D:9      | Gained mutation: Your large and strong wings let you fly
                  | indefinitely. [potion of mutation]
  7402 | D:9      | Noticed a two-headed ogre
  7412 | D:9      | Killed a two-headed ogre
  7427 | D:9      | Reached *** piety under Okawaru
  7459 | D:9      | Noticed a two-headed ogre
  7470 | D:9      | Killed a two-headed ogre
  7470 | D:9      | Reached skill level 14 in Maces & Flails
  7598 | D:9      | Found a shimmering altar of Xom.
  7662 | D:9      | Noticed a cyan ugly thing
  7679 | D:9      | Killed a cyan ugly thing
  7679 | D:9      | Reached XP level 11. HP: 64/64 MP: 11/11
  7695 | D:9      | Reached **** piety under Okawaru
  7731 | D:9      | Noticed Erolcha
  7742 | D:9      | Killed Erolcha
  7840 | Lair:1   | Entered Level 1 of the Lair of Beasts
  8092 | Lair:1   | Reached ***** piety under Okawaru
  9020 | Lair:2   | Reached skill level 15 in Maces & Flails
  9038 | Lair:2   | Mangled by a swamp worm

Levels and vault maps discovered:
D:1:      dpeg_arrival_tiny_f, layout_loops_ring
D:2:      layout_basic, uniq_natasha
D:3:      layout_basic, first_ration, uniq_sigmund, uniq_grinder, uniq_ijyb
D:4:      layout_cave_pods, serial_shops, shop, grunt_gozag_statues
D:5:      layout_gridville, serial_shops, shop_scrolls,
          chequers_serial_rivers_micro_a
D:6:      layout_gridville
D:7:      layout_cave_pods, minmay_temple_entry_arrows, uniq_joseph
D:8:      layout_basic, lemuel_crystal_altar, lair_entry_dummy, grunt_livestock,
          minmay_shop_mass
D:9:      layout_big_octagon, serial_shops, shop, xom_teletrap_fun, uniq_erolcha
Temple:   dpeg_three_leaves_temple
Lair:1:   layout_chaotic_city, grunt_megastairs_5
Lair:2:   layout_roguey, nicolae_swamp_entry_splash_gauntlet

Skill      XL: |  1  2  3  4  5  6  7  8  9 10 11 |
---------------+----------------------------------+-----
Maces & Flails | 3 4 5 6 7 10 12 14 15 | 15.0
Fighting       | 4 5 6 |  6.0
Shields        | 4 7 8 |  8.4
Armour         | |  3.2

Action                   |  1- 3 |  4- 6 |  7- 9 | 10-12 || total
-------------------------+-------+-------+-------+-------++-------
Melee: Flail             |    89 |   118 |   163 |    29 ||   399
       Whip              |       |       |   687 |   497 ||  1184
Throw: Javelin           |       |       |       |     2 ||     2
Evoke: Wand              |       |       |     9 |     5 ||    14
  Use: Potion            |       |     2 |     4 |     2 ||     8
       Scroll            |       |     2 |     9 |     7 ||    18
  Eat: Chunk             |       |     3 |    16 |    10 ||    29
Armor: Scale mail        |    55 |    48 |   249 |   110 ||   462
       Skin              |       |     2 |       |       ||     2
Dodge: Dodged            |    36 |    30 |   255 |    86 ||   407
Block: Shield            |    58 |    43 |   269 |   128 ||   498

Table legend:
 A = Non-vault XP
 B = Vault XP
 C = Vault XP percentage of total XP
 D = Non-vault monster count
 E = Vault monster count
 F = Vault count percentage of total count
                 A         B        C        D         E       F
            +---------+---------+-------+---------+---------+-------
      Total |   10593 |    3511 |  24.9 |     185 |      13 |   6.6
            +---------+---------+-------+---------+---------+-------
        D:1 |      24 |       0 |   0.0 |      16 |       0 |   0.0
        D:2 |     238 |      35 |  12.8 |      21 |       1 |   4.5
        D:3 |      60 |     514 |  89.5 |      27 |       3 |  10.0
        D:4 |     317 |       0 |   0.0 |      22 |       0 |   0.0
        D:5 |     654 |       0 |   0.0 |      24 |       0 |   0.0
        D:6 |     811 |       0 |   0.0 |      26 |       0 |   0.0
        D:7 |     312 |     434 |  58.2 |       8 |       1 |  11.1
        D:8 |    1860 |     948 |  33.8 |      11 |       5 |  31.2
        D:9 |    3438 |     947 |  21.6 |      16 |       1 |   5.9
     Lair:1 |    1142 |     633 |  35.7 |       7 |       2 |  22.2
     Lair:2 |    1737 |       0 |   0.0 |       7 |       0 |   0.0
            +---------+---------+-------+---------+---------+-------
